 Dungeon Crawl Stone Soup version 0.31-a0-152-g6aa68a64a1 (webtiles) character file.

Game seed: 12143996900326308145

88 Jeffwins the Stinger (level 4, -2/31 HPs)
             Began as an Octopode Wanderer on June 9, 2023.
             Killed from afar by a frost-covered statue (11 damage)
             ... with a puff of frost
             ... on level 3 of the Dungeon.
             The game lasted 00:03:19 (1801 turns).

Jeffwins the Stinger (Octopode Wanderer)            Turns: 1801, Time: 00:03:19

Health: -2/31      AC:  1    Str: 10    XL:     4   Next: 54%
Magic:  5/7        EV: 12    Int: 18    God:
Gold:   93         SH:  0    Dex: 10    Spells: 1/8 levels left

rFire   . . .        a - +3 dagger
rCold   . . .        (no shield)
rNeg    . . .        (helmet restricted)
rPois   .            (no amulet)
rElec   .            (no ring)
rCorr   .            (no ring)
SInv    .            (no ring)
Will    .....        (no ring)
Stlth   +++          (no ring)
HPRegen 0.25/turn    (no ring)
MPRegen 0.10/turn    (no ring)
                     (no ring)

%: no passive effects
@: no status effects
A: almost no armour, amphibious, 8 rings, camouflage 1, gelatinous body 1,
(nimble swimmer 1), tentacles
a: no special abilities


You were on level 3 of the Dungeon.
You visited 1 branch of the dungeon, and saw 3 of its levels.

You collected 93 gold pieces.


Innate Abilities, Weirdness & Mutations

You cannot wear most types of armour.
You are amphibious.
You can wear up to eight rings at the same time.
Your skin changes colour to match your surroundings (Stealth+).
Your rubbery body absorbs attacks. (AC +1, EV +1)
((You are camouflaged when in or above water. (Stealth+)))
You have tentacles for arms and can constrict up to eight enemies at once.


   Skills:
 + Level 3.2 Fighting
 + Level 0.3 Throwing
 + Level 1.6 Stealth
 * Level 2.6 Spellcasting
 * Level 0.6 Conjurations
 * Level 0.3 Transmutations
 * Level 0.1 Fire Magic
 * Level 2.0 Earth Magic
 * Level 5.3 Poison Magic
 + Level 0.1 Evocations


You had one spell level left.
You knew the following spells:

 Your Spells              Type           Power      Damage    Failure   Level
w - Stone Arrow           Conj/Erth      14%        3d7       28%         3
z - Sandblast             Erth           18%        2d7       8%          1
X - Ignite Poison         Fire/Tmut/Pois 9%         N/A       22%         3

Your spell library contained the following spells:

 Spells                   Type           Power      Damage    Failure   Level
 Sting                    Tmut/Pois      48%        1d5       5%          1
 Beastly Appendage        Tmut           6%         N/A       16%         1
 Cigotuvi's Dreadful Rot  Necr/Pois/Air  16%        N/A       12%         2
 Spider Form              Tmut/Pois      12%        N/A       16%         3
 Wereblood                Tmut           3%         N/A       22%         2
 Dispel Undead            Necr           2%         3d7       86%         4
 Death Channel            Necr           1%         N/A       100%        6

Inventory:

Hand Weapons
 a - a +3 dagger (weapon)
Missiles
 f - 10 poisoned darts (quivered)
Wands
 n - a wand of quicksilver (6)
Scrolls
 c - 2 scrolls of fog
 d - a scroll of blinking {unknown}
 g - 2 scrolls of magic mapping {unknown}
 j - a scroll of enchant armour {unknown}
 l - a scroll of fear {unknown}
 m - a scroll of enchant weapon {unknown}
 o - 2 scrolls of identify {unknown}
Potions
 b - 2 potions of curing {@q1}
 e - a potion of might {unknown}
 h - a potion of degeneration {unknown}
 i - a potion of invisibility {unknown}
 k - 3 potions of resistance {unknown}

Dungeon Overview and Level Annotations

Branches:
Dungeon (3/15)

Altars:
Qazlal
Vehumet

Annotations:
D:3 exclusion: statue

#.........#.........# #..#.
.#...................# #....
.....................# ##...
.....................####.##
..........####..............
............................
..........░░░░░░░░░.........
..........░.......░.........
...........@..⚑.8.░......>..
...###....░...)...░.........
.. #....░░░░░░░░░......... .
#..............########
###.....######## #######


You could see a frost-covered statue.


Message History

Press: ? - help, Shift-Dir - straight line, f/p - frost-covered statue
Aim: a frost-covered statue (lightly damaged, 100% to hit)
The blast of sand hits the frost-covered statue but does no damage.
The frost-covered statue is lightly damaged.
The frost-covered statue gestures at you.
The puff of frost hits you.
Casting: Sandblast (safe; 8% risk of failure)
Confirm with . or Enter, or press ? or * to list all spells.
Aiming: Sandblast (safe; 8% risk of failure)
Press: ? - help, Shift-Dir - straight line, f/p - frost-covered statue
Aim: a frost-covered statue (lightly damaged, 100% to hit)
The blast of sand hits the frost-covered statue but does no damage.
The frost-covered statue is lightly damaged.
Unknown command.
You hit the frost-covered statue but do no damage.
The frost-covered statue is lightly damaged.
You hit the frost-covered statue but do no damage.
The frost-covered statue is lightly damaged.
The frost-covered statue gestures at you.
The puff of frost hits you!
* * * LOW HITPOINT WARNING * * *
You hit the frost-covered statue. You squeeze the frost-covered statue.
The frost-covered statue is moderately damaged.
There is a radiant altar of Vehumet here.
The frost-covered statue gestures at you.
The puff of frost hits you.
* * * LOW HITPOINT WARNING * * *
The frost-covered statue gestures at you.
The puff of frost hits you!
You die...

Skill      XL: |  1  2  3  4 |
---------------+-------------+-----
Poison Magic   | 5 |  5.3
Stealth        | 1 |  1.6
Earth Magic    | 2 |  2.0
Fighting       | |  3.2
Throwing       | |  0.3
Spellcasting   | |  2.6
Conjurations   | |  0.6
Transmutations | |  0.3
Fire Magic     | |  0.1
Evocations     | |  0.1

Action                     |  1- 3 |  4- 6 || total
---------------------------+-------+-------++-------
  Melee: Club              |    20 |       ||    20
         Constrict         |    12 |     4 ||    16
         Tentacles         |     7 |     4 ||    11
         Spear             |    28 |    17 ||    45
         Dagger            |       |     5 ||     5
   Cast: Sandblast         |    21 |    22 ||    43
   Stab: Sleeping          |     5 |     1 ||     6
 Armour: Skin              |     6 |       ||     6
  Dodge: Dodged            |    44 |     6 ||    50

Levels and vault maps discovered:
D:1:      matt_arrival_refuge, layout_basic, grunt_decor_junction,
          minmay_close_crescents
D:2:      layout_loops_ring, basic_altar
D:3:      layout_basic, zin_angel, vehumet_statue, minmay_pentomino_pile

Notes
Turn   | Place    | Note
-------+----------+-------------------------------------------
     0 | D:1      | Jeffwins the Octopode Wanderer began the quest for the Orb.
     0 | D:1      | Jeffwins set off with the following items: a +0 club, a
                  | potion of curing {@q1}, a scroll of fog; and the following
                  | spells available to memorise: Sting, Sandblast, Spider
                  | Form, Ignite Poison, Stone Arrow.
     0 | D:1      | Reached XP level 1. HP: 16/16 MP: 3/3
     2 | D:1      | Learned a level 1 spell: Sandblast
   146 | D:1      | Reached XP level 2. HP: 11/21 MP: 5/5
   228 | D:1      | Reached skill level 5 in Poison Magic
   310 | D:1      | Reached skill level 1 in Stealth
   310 | D:1      | Reached XP level 3. HP: 13/26 MP: 3/6
   497 | D:1      | Learned a level 3 spell: Stone Arrow
   841 | D:2      | Found a stormy altar of Qazlal.
   860 | D:2      | Reached XP level 4. HP: 31/31 MP: 4/7
   997 | D:2      | Reached skill level 2 in Earth Magic
  1136 | D:2      | Learned a level 3 spell: Ignite Poison
  1777 | D:3      | Found a radiant altar of Vehumet.
  1783 | D:3      | Noticed a frost-covered statue
  1801 | D:3      | Killed from afar by a frost-covered statue

Vanquished Creatures
  2 gnolls (D:1)
  A worm (D:2)
  5 dart slugs
  3 orcs (D:3)
  4 ball pythons
  6 bats
  6 endoplasms
  3 goblins
  4 hobgoblins (D:2)
  A jackal (D:1)
  7 kobolds
  A quokka (D:2)
  3 frilled lizards
  3 rats
49 creatures vanquished.

Table legend: (Time is in decaauts)
 A = Elapsed time spent in this place.
 B = Non-inter-level travel time spent in this place.
 C = Inter-level travel time spent in this place.
 D = Time resting spent in this place.
 E = Time spent auto-exploring this place.
 F = Levels seen in this place.
 G = Mean time per level.
                   A        B        C        D        E       F      G
               +--------+--------+--------+--------+--------+-----+--------+
         Total |   1831 |   1791 |     40 |     56 |   1370 |   3 |  610.3 |
       Dungeon |   1831 |   1791 |     40 |     56 |   1370 |   3 |  610.3 |
               +--------+--------+--------+--------+--------+-----+--------+

Top non-repeatable levels by time:
     D:1: 858 daAuts
     D:2: 790 daAuts
     D:3: 182 daAuts

Table legend:
 A = Non-vault XP
 B = Vault XP
 C = Vault XP percentage of total XP
 D = Non-vault monster count
 E = Vault monster count
 F = Vault count percentage of total count
                 A         B        C        D         E       F
            +---------+---------+-------+---------+---------+-------
      Total |     121 |       6 |   4.7 |      46 |       3 |   6.1
            +---------+---------+-------+---------+---------+-------
        D:1 |      73 |       6 |   7.6 |      23 |       3 |  11.5
        D:2 |      39 |       0 |   0.0 |      20 |       0 |   0.0
        D:3 |       9 |       0 |   0.0 |       3 |       0 |   0.0
            +---------+---------+-------+---------+---------+-------
